 BcadrenCrawl: Boulder Brew version 0.03.2.1-103-g09b4e489ee (webtiles) character file.

Game seed: 4906332771538197950, levelgen mode: deterministic

83577 funkygono the Brawler (level 15, -19/117 HPs) Troll Demonspawn. Began on Mar 4, 2021. Was the Champion of Okawaru. Killed from afar by an orc sorcerer (21 damage) ... with a bolt of fire ... on level 2 of the Orcish Mines. The game lasted 01:17:27 (16770 turns).

funkygono the Brawler (Troll Demonspawn)           Turns: 16770, Time: 01:17:28

Health: -19/117    AC: 20    Str: 29    XL:     15 ^: 33867
Magic:  0/18       EV: 15    Int:  9    God:    Okawaru [6* [199]]
Gold:   3235       SH: 14    Dex: 10    Spells: 13/20 levels left

rFire    . . .     Vision   +     - Unarmed
rCold    . . .     Gourm    +   a - +6 heater shield {AC+3}
rNeg     + . .     Faith    .   K - +6 robe of Atheism {+Blink}
rPois    .         Spirit   +   (helmet unavailable)
rElec    .         Reflect  .   g - +2 cloak
rCorr    .         Harm     .   (gloves unavailable)
MR       +....                  (boots unavailable)
Stlth    ++++......             I - amulet of regeneration
HPRegen  1.29/turn              A - ring of positive energy
MPRegen  0.56/turn              m - ring of wizardry

@: lethally poisoned (-19 -> -19), heroism, very slightly contaminated, studying
2 skills, lightly drained
A: large, unfitting armour, antennae 3, claws 3, yellow scales 1, fast
metabolism 3, frail 1, gourmand, regeneration 1, shaggy fur 1, tough skin 3,
magic shield, magic regeneration
a: Heroism, Finesse, Renounce Religion, Evoke Blink


You were on level 2 of the Orcish Mines.
You worshipped Okawaru.
Okawaru was exalted by your worship.
You were completely stuffed.

You visited 4 branches of the dungeon, and saw 15 of its levels.
You also visited: Ice Cave.

You collected 3235 gold pieces.

Inventory:

Weapons
 b - a +5 fustibalus of freezing Shields
 a - a +6 heater shield of protection (shield)
 o - a +2 heater shield of fire resistance
Armour
 g - a +2 cloak (worn)
 w - the +4 robe of Submission {rPois rC- Str+7}
   (Okawaru gifted it to you on level 4 of the Lair of Beasts)

   It affects your strength (+7).
   It makes you vulnerable to cold.
   It protects you from poison.
 K - the +6 robe of Atheism (worn) {+Blink}
   (Okawaru gifted it to you on level 6 of the Dungeon)

   It lets you blink.
 L - a scarf of resistance
Jewellery
 f - a cursed ring of protection {(Curse: MR-)}
 m - a ring of wizardry (right claw)
 q - an uncursed ring of slaying
 A - a ring of positive energy (left claw)
 H - an uncursed ring of wizardry
 I - an amulet of regeneration (around neck)
 M - an uncursed ring of strength
Wands
 p - a wand of iceblast (18)
 v - a wand of polymorph (3)
 y - a wand of flame (25)
 G - a wand of acid (1)
 J - a wand of enslavement (1)
 N - a wand of disintegration (1)
 P - a wand of random effects (24)
Scrolls
 e - 11 scrolls of fog
 h - 6 scrolls of blinking
 j - a scroll of summoning
 k - 3 scrolls of magic mapping
 u - 2 scrolls of amnesia
 z - 6 scrolls of teleportation
 E - 4 scrolls of fear
Potions
 d - 21 potions of curing
 i - 11 potions of mutation
 n - a potion of resistance
 r - 3 potions of heal wounds
 s - 3 potions of cancellation
 t - 4 potions of haste
 x - 4 potions of might
 B - 2 potions of invisibility
 C - a potion of magic
 D - 3 potions of cure mutation
 F - 2 potions of brilliance
Comestibles
 c - 48 rations
 l - 53 chunks of flesh


   Skills:
 + Level 4.7(9.4) Fighting
 + Level 3.0(7.7) Slings
   Level 1.4(6.1) Crossbows
 + Level 8.3(13.0) Dodging
 + Level 4.5(9.2) Stealth
 + Level 5.3(10.0) Shields
 + Level 18.0(22.6) Unarmed Combat
 + Level 3.0(2.8) Spellcasting
 + Level 0.1(0.0) Translocations
 + Level 3.4(3.1) Fire Magic
 + Level 5.1(4.8) Invocations
 + Level 1.8(1.5) Evocations


You had 13 spell levels left.
You knew the following spells:

 Your Spells              Type           Power        Failure   Level  Hunger
a - Flame Tongue          Fire           7 (30)       3%          1    ##.....
b - Conjure Flame         Fire           7 (100)      11%         3    ####...
c - Blink                 Tloc           N/A          19%         2    ###....
d - Foxfire               Fire           7 (25)       3%          1    ##.....

Your spell library contained the following spells:

 Spells                   Type           Power        Failure   Level  Hunger
 Searing Ray              Fire           7 (50)       5%          2    ###....
 Magic Candle             Hex/Fire       4 (90)       6%          1    ##.....
 Confusing Touch          Hex            1 (50)       12%         1    ##.....
 Pain                     Hex/Necr       1 (25)       12%         1    ##.....
 Summon Small Mammal      Summ           1 (25)       12%         1    ##.....
 Call Imp                 Summ           1 (100)      19%         2    ###....
 Slow                     Hex            1 (100)      19%         2    ###....
 Inner Flame              Hex/Fire       4 (100)      19%         3    ####...
 Mephitic Cloud           Pois/Air       1 (100)      34%         3    ####...
 Sticky Flame             Fire/Pois      4 (100)      52%         4    #####..
 Fireball                 Fire           7 (200)      65%         5    ######.
 Cause Fear               Hex            1 (200)      73%         4    #####..
 Bolt of Fire             Fire           7 (200)      99%         6    #######
 Dragon Form              Tmut           1 (200)      100%        7    #######
 Dragon's Call            Summ           1 (200)      100%        9    #######


Dungeon Overview and Level Annotations

Branches:
Dungeon (6/8)              Temple (1/1) D:4            Lair (6/6) D:5
 Shoals (0/4) Lair:4       Spider (0/4) Lair:2        Slime (0/5) Lair:6
    Orc (2/2) D:6             Elf (0/3) Orc:2         IceCv (visited)

Altars:
Ashenzari
Cheibriados
Dithmenos
Elyvilon
Fedhas Madash
Gozag Ym Sagoz
Hepliaklqana
Kikubaaqudgha
Makhleb
Nemelex Xobeh
Okawaru
Qazlal
Ru
Sif Muna
Vehumet
Wu Jian
Xom
Zin
The Shining One
Beogh
Jiyva

Annotations:
Lair:6 1 runed translucent door
Orc:2 1 runed translucent door


Innate Abilities, Weirdness & Mutations

You are too large for most types of armour.
You have a pair of large antennae on your head. (+Vis)
You have claws for hands. (+6 Unarmed)
You are partially covered in yellow scales. (AC +2)
Your metabolism is lightning-fast.
You like to eat raw meat.
Your natural rate of healing is unusually fast.
You are covered in fur. (AC +1)
You have extremely tough skin. (AC +3)
When hurt, damage is shared between your health and your magic reserves.
You regenerate magic rapidly.
You are frail. (-10% HP)


Message History

You feel sick. (1)
You block the sixfirhy's attack.
The orc sorcerer points at you and mumbles some strange words.
The bolt of fire hits you (23)!!
* * * LOW HITPOINT WARNING * * *
The smoke demon gestures at you. Something smites you!
* * * LOW HITPOINT WARNING * * *
You block the orc warrior's attack. The orc warrior barely misses you (0).
The orc sorcerer points at you and mumbles some strange words.
The bolt of negative energy hits you (9)!
You partially resist.
You feel drained.
* * * LOW HITPOINT WARNING * * *
The sixfirhy disappears in a puff of smoke!
The orc warrior hits you from afar with a +0 trident (22)!!
* * * LOW HITPOINT WARNING * * *
The orc sorcerer casts a spell at you. The bolt of fire hits you (21)!!
You die...

..........)....###
.......#..........##
......#.#......<...#
...................#
..........).......##
.......#.[)3.....##
..........ยง)..#.##
#.......o..#####
###...@...#.#
#....o...###
#........#
##.........
#.........#
...........#
............#
.....#$......#


You could see a smoke demon, an orc sorcerer and an orc warrior.

Vanquished Creatures
  Saint Roka (Orc:2)
  An orc warlord (Orc:1)
  Azrael (D:6)
  A chaos butterfly (Lair:6)
  Josephine (Orc:1)
  Harold (D:4)
  Erolcha (Orc:1)
  An ogre mage (Orc:2)
  5 boulder beetles
  5 dire elephants (Lair:6)
  2 swooping magpies
  An orc high priest (Orc:1)
  An unseen horror (D:6)
  A fire crab (Lair:6)
  5 two-headed ogres
  An anaconda (Lair:6)
  8 hydras
  2 orc knights (Orc:1)
  A wizard (D:6)
  A necromancer (IceCv)
  5 death yaks (Lair:6)
  4 giraffes (Lair:4)
  2 oklob plants (Lair:2)
  2 orc sorcerers
  3 ice statues (IceCv)
  Joseph (D:3)
  13 spiny frogs
  7 black mambas
  3 trolls
  23 elephants
  2 rime drakes
  6 ice devils (IceCv)
  A wolf spider (Lair:2)
  2 polar bears
  17 komodo dragons
  10 blink frogs
  4 wraiths
  6 dream sheep (Lair:3)
  A vampire (D:6)
  Sigmund (D:3)
  2 hippogriffs (D:6)
  2 cyclopes (D:6)
  20 yaks
  4 basilisks
  2 fire elementals (D:6)
  A slime creature (D:6)
  A hungry ghost (D:5)
  A vampire mosquito (D:6)
  2 wargs
  3 guardian mummies
  2 phantoms
  24 water moccasins
  3 hell hounds (D:6)
  13 scorpions
  18 porcupines
  28 orc warriors
  Duvessa (D:3)
  4 black bears (D:5)
  2 ice beasts
  2 sky beasts (D:5)
  14 ogres
  An eye of draining (D:6)
  17 wolves
  19 crocodiles
  6 big kobolds
  A gnoll sergeant (D:5)
  19 bullfrogs
  6 centaurs
  2 draconian simulacra (IceCv)
  Dowan (D:3)
  4 howler monkeys
  11 killer bees (D:5)
  5 wights
  A spriggan simulacrum (IceCv)
  3 troll simulacra (IceCv)
  2 electric eels (Orc:1)
  4 crimson imps
  17 orc priests
  2 hounds (D:3)
  12 jellies
  9 mummies
  29 orc wizards
  A hell rat (Lair:4)
  9 worker ants
  3 iguanas
  A wyvern zombie (D:4)
  A wyvern skeleton (D:3)
  A water moccasin skeleton (D:4)
  A naga simulacrum (IceCv)
  2 ogre simulacra (IceCv)
  12 giant cockroaches
  4 bullfrog zombies
  Robin (D:2)
  12 bullfrog skeletons
  2 shadow imps (D:4)
  12 adders
  A centaur simulacrum (IceCv)
  3 gnolls (D:5)
  50 sewer rats
  A white imp (D:3)
  14 cinder newts
  8 worms
  3 giant cockroach zombies (D:4)
  2 hound zombies (D:4)
  3 worker ant zombies
  A hound skeleton (D:4)
  An ooze (D:2)
  9 leopard geckos
  63 orcs
  8 adder skeletons
  4 adder zombies (D:4)
  5 ball pythons
  A cinder newt skeleton (D:2)
  12 goblins
  10 hobgoblins
  3 jackals
  4 quokkas
  13 bats
  4 bat skeletons (D:2)
  2 goblin skeletons (D:2)
  A jackal skeleton (D:4)
  2 jackal zombies (D:4)
  26 kobolds
  2 leopard gecko skeletons (D:4)
  A leopard gecko zombie (D:4)
  2 quokka skeletons (D:4)
  2 quokka zombies (D:4)
  9 rats
  A rat skeleton (D:2)
  A bush (D:4)
  15 fungi
  A giant blowfly (D:2)
  9 plants
  9 withered plants (D:2)
842 creatures vanquished.

Vanquished Creatures (others)
  A sewer rat (D:2)
  An orc (Orc:1)
  A ball python (D:2)
  3 kobolds (D:2)
  163 foxfires
  46 fungi
  50 plants
  3 slimeheads (D:2)
  68 withered plants (D:2)
336 creatures vanquished.

Grand Total: 1178 creatures vanquished

Notes
Turn   | Place    | Note
-------+----------+-------------------------------------------
     0 | D:1      | funkygono the Troll Demonspawn began the quest for the Orb.
     0 | D:1      | Reached XP level 1. HP: 18/18 MP: 1/1
    53 | D:1      | Gained mutation: You have a pair of small antennae on your
                  | head. [demonic ancestry]
    53 | D:1      | Reached XP level 2. HP: 22/26 MP: 2/2
   163 | D:2      | Noticed a water moccasin
   163 | D:2      | Noticed a big kobold
   194 | D:1      | Gained mutation: When hurt, damage is shared between your
                  | health and your magic reserves. [demonic ancestry]
   194 | D:1      | Reached XP level 3. HP: 32/32 MP: 3/3
   389 | D:1      | Gained mutation: You have a pair of antennae on your head.
                  | [demonic ancestry]
   389 | D:1      | Reached XP level 4. HP: 39/40 MP: 4/4
   721 | D:1      | Killed a water moccasin
   721 | D:1      | Reached skill level 1 in Fighting
   721 | D:1      | Reached skill level 3 in Unarmed Combat
   721 | D:1      | Reached XP level 5. HP: 39/48 MP: 2/5
   754 | D:1      | Reached skill level 4 in Unarmed Combat
   754 | D:1      | Gained mutation: You have a pair of large antennae on your
                  | head. (+Vis) [demonic ancestry]
   754 | D:1      | Reached XP level 6. HP: 47/55 MP: 6/6
   840 | D:2      | Reached skill level 5 in Unarmed Combat
   899 | D:2      | Gained mutation: You are partially covered in yellow
                  | scales. (AC +2) [demonic ancestry]
   899 | D:2      | Reached XP level 7. HP: 59/62 MP: 5/7
  1074 | D:2      | Reached skill level 6 in Unarmed Combat
  1404 | D:2      | Reached XP level 8. HP: 70/70 MP: 8/8
  1408 | D:2      | Reached skill level 7 in Unarmed Combat
  1630 | D:2      | Learned a level 3 spell: Conjure Flame
  1636 | D:2      | Learned a level 2 spell: Blink
  1646 | D:2      | Found a shadowy altar of Dithmenos.
  1769 | D:2      | Reached skill level 8 in Unarmed Combat
  1857 | D:2      | Noticed Robin
  1866 | D:2      | Killed Robin
  2932 | D:3      | Noticed Dowan
  2934 | D:3      | Noticed Duvessa
  2937 | D:3      | Killed Dowan
  2937 | D:3      | Reached skill level 9 in Unarmed Combat
  2940 | D:3      | Killed Duvessa
  2940 | D:3      | Reached XP level 9. HP: 76/76 MP: 9/9
  3143 | D:3      | Noticed Sigmund
  3163 | D:3      | Killed Sigmund
  3431 | D:3      | Reached skill level 5 in Dodging
  3499 | D:3      | Reached skill level 10 in Unarmed Combat
  3599 | D:4      | Noticed Joseph
  3848 | D:3      | Killed Joseph
  3884 | D:3      | Reached XP level 10. HP: 65/88 MP: 6/10
  3965 | D:4      | Reached skill level 11 in Unarmed Combat
  4273 | D:4      | Found a stormy altar of Qazlal.
  4339 | D:4      | Found a white marble altar of Elyvilon.
  4538 | D:4      | Found a staircase to the Ecumenical Temple.
  4555 | D:4      | Noticed Harold
  4562 | D:4      | Killed Harold
  4562 | D:4      | Reached skill level 12 in Unarmed Combat
  4571 | Temple   | Entered the Ecumenical Temple
  4599 | Temple   | Became a worshipper of Warmaster Okawaru
  5151 | D:5      | Entered Level 5 of the Dungeon
  5160 | D:5      | Identified the +2 robe "Guokyur" {MR+ Int+3} (Okawaru
                  | gifted it to you on level 5 of the Dungeon)
  5160 | D:5      | Received a gift from Okawaru
  5162 | D:5      | Reached * piety under Okawaru
  5200 | D:5      | Reached XP level 11. HP: 96/96 MP: 9/11
  5563 | D:5      | Noticed a two-headed ogre
  5564 | D:5      | Reached ** piety under Okawaru
  5568 | D:5      | Reached skill level 13 in Unarmed Combat
  5573 | D:5      | Killed a two-headed ogre
  5700 | D:5      | Found a staircase to the Lair.
  5790 | D:5      | Noticed a boulder beetle
  5796 | D:5      | Killed a boulder beetle
  5952 | D:5      | Noticed a boulder beetle
  5960 | D:5      | Killed a boulder beetle
  5960 | D:5      | Reached *** piety under Okawaru
  6080 | D:6      | Noticed a two-headed ogre
  6087 | D:6      | Killed a two-headed ogre
  6133 | D:6      | Reached skill level 14 in Unarmed Combat
  6162 | D:6      | Identified the +6 robe of Atheism {+Blink} (Okawaru gifted
                  | it to you on level 6 of the Dungeon)
  6162 | D:6      | Received a gift from Okawaru
  6234 | D:6      | Noticed an unseen horror
  6241 | D:6      | Killed an unseen horror
  6269 | D:6      | Reached **** piety under Okawaru
  6291 | D:6      | Noticed a wizard
  6299 | D:6      | Killed a wizard
  6332 | D:6      | Noticed Azrael
  6360 | D:6      | Killed Azrael
  6360 | D:6      | Gained mutation: You regenerate magic rapidly. [demonic
                  | ancestry]
  6360 | D:6      | Reached XP level 12. HP: 49/104 MP: 5/13
  6826 | D:6      | Found a staircase to the Orcish Mines.
  6894 | D:6      | Reached ***** piety under Okawaru
  7050 | D:6      | Found a shimmering blue altar of Sif Muna.
  7063 | D:6      | Identified Sif Muna's Grimoire of Malediction
  7125 | D:6      | Reached skill level 15 in Unarmed Combat
  7427 | Lair:1   | Entered Level 1 of the Lair of Beasts
  7634 | Lair:1   | Received a gift from Okawaru
  8455 | Lair:2   | Reached skill level 16 in Unarmed Combat
  8469 | Lair:2   | Received a gift from Okawaru
  8584 | Lair:2   | Found a hole to the Spider Nest.
  8600 | Lair:2   | Noticed a boulder beetle
  8612 | Lair:2   | Killed a boulder beetle
  8612 | Lair:2   | Reached XP level 13. HP: 28/111 MP: 5/15
  8804 | Lair:2   | Reached skill level 1 in Evocations
  9693 | Lair:3   | Reached skill level 1 in Shields
 10026 | Lair:3   | Identified the +3 leather armour of Plasticity {Str+2}
 10039 | Lair:3   | Reached ****** piety under Okawaru
 10133 | Lair:3   | Received a gift from Okawaru
 10149 | Lair:3   | Identified a scroll of acquirement
 10461 | Lair:3   | Identified funkygono's Reference Book on the Noxious
                  | Glacier (You acquired it on level 3 of the Lair of Beasts)
 10461 | Lair:3   | Identified the amulet "Barrobocwue" {Harm *Drain +Blink
                  | Int-4 +Vis} (You acquired it on level 3 of the Lair of
                  | Beasts)
 10557 | Lair:4   | Found a staircase to the Shoals.
 11159 | Lair:4   | Identified the +4 robe of Submission {rPois rC- Str+7}
                  | (Okawaru gifted it to you on level 4 of the Lair of Beasts)
 11159 | Lair:4   | Received a gift from Okawaru
 11159 | Lair:4   | Reached skill level 17 in Unarmed Combat
 12163 | Lair:4   | Learned a level 1 spell: Foxfire
 12249 | Lair:5   | Reached XP level 14. HP: 102/122 MP: 13/16
 12471 | Lair:5   | Found a frozen archway.
 12480 | IceCv    | Entered an ice cave
 12776 | IceCv    | Identified the cursed +1 ring mail of the Cast Vote
                  | {Regen+, (Curse: rC-)}
 12917 | Lair:5   | Identified the +1 leather armour of the Pit {+Inv rPois}
 13581 | Lair:5   | Identified the +1 fustibalus of Getton {freeze, rC+} (You
                  | acquired it on level 5 of the Lair of Beasts)
 13581 | Lair:5   | Identified the ring "Ylikh" {+Blink +Inv rF+ Str+5} (You
                  | acquired it on level 5 of the Lair of Beasts)
 13583 | Lair:5   | Identified Sif Muna's Tome of Enhancements and Venom (You
                  | acquired it on level 5 of the Lair of Beasts)
 13655 | Lair:6   | Entered Level 6 of the Lair of Beasts
 13660 | Lair:6   | Received a gift from Okawaru
 14106 | Lair:6   | Found a runed translucent door.
 14107 | Lair:6   | Found a viscous altar of Jiyva.
 14108 | Lair:6   | Noticed an acid blob
 14108 | Lair:6   | Noticed an acid blob
 14108 | Lair:6   | Noticed an acid blob
 14109 | Lair:6   | Found a staircase to the Slime Pits.
 14382 | Lair:6   | Received a gift from Okawaru
 14799 | Lair:6   | Reached skill level 1 in Crossbows
 14984 | Lair:6   | Identified the cursed +11 staff of Dissent {shield, fire;
                  | rF+ Int+10, (Curse: Dex-3)}
 15369 | Orc:1    | Entered Level 1 of the Orcish Mines
 15377 | Orc:1    | Noticed Josephine
 15382 | Orc:1    | Killed Josephine
 15382 | Orc:1    | Reached skill level 5 in Invocations
 15592 | Orc:1    | Noticed Erolcha
 15642 | Orc:1    | Killed Erolcha
 15642 | Orc:1    | Reached skill level 1 in Slings
 15761 | Orc:1    | Noticed an orc warlord
 15765 | Orc:1    | Identified the cursed ring of a Hundred Wars {+Inv rPois
                  | rN++, (Curse: Fragile rF-)}
 15772 | Orc:1    | Killed an orc warlord
 15791 | Orc:1    | Reached XP level 15. HP: 53/131 MP: 9/18
 15873 | Orc:1    | Reached skill level 5 in Shields
 15885 | Orc:1    | Received a gift from Okawaru
 16039 | Orc:1    | Gained mutation: You are frail. (-10% HP) [a neqoxec]
 16073 | Orc:1    | Found a roughly hewn altar of Beogh.
 16298 | Orc:2    | Entered Level 2 of the Orcish Mines
 16303 | Orc:2    | Noticed Saint Roka
 16339 | Orc:2    | Found a staircase to the Elven Halls.
 16563 | Orc:2    | Killed Saint Roka
 16563 | Orc:2    | Received a gift from Okawaru
 16563 | Orc:2    | Reached skill level 18 in Unarmed Combat
 16711 | Orc:2    | Found a runed translucent door.
 16735 | Orc:2    | Found the +10 large shield of Ignorance {rN+ Int-4}
 16748 | Orc:2    | Identified the cursed ring of Cowardice {MR+ MP+9 Dex+4,
                  | (Curse: Fragile rC-)}
 16770 | Orc:2    | HP: 2/117 [orc warrior/+0 trident (18)]
 16770 | Orc:2    | Killed from afar by an orc sorcerer

Levels and vault maps discovered:
D:1:      matt_arrival_refuge, layout_cave_pools, nrook_uturn,
          minmay_pentomino_pile
D:2:      layout_sewer, lemuel_doored_altar, sewer_minmay_treatment,
          minmay_misc_feat_rugged
D:3:      layout_basic, first_ration, serial_forest,
          infiniplex_forest_lined_corner, infiniplex_forest_end_3,
          infiniplex_forest_straight_3, infiniplex_forest_end_1,
          infiniplex_forest_zigzag_2, infiniplex_forest_lined_room_3,
          infiniplex_forest_lined_1, bcadren_nooodl_food_pyramid, uniq_duvessa,
          uniq_sigmund
D:4:      layout_basic, elyvilon_altar_1, kennysheep_little_box,
          minmay_temple_entry_statues_fountains, ossuary_minmay_tomb_2a,
          uniq_joseph, uniq_harold
D:5:      layout_cave_pools, due_lair_maze_entry_diamond
D:6:      layout_stronghold, led_sif_book, orc_0_dummy, enter_ossuary_2,
          uniq_azrael
Temple:   regret_index_temple_waves
Lair:1:   layout_chaotic_city
Lair:2:   layout_gridlike, spider_nest_entry_rubble, minmay_lair_oklob_chamber,
          infiniplex_staircase_pool_2
Lair:3:   layout_roguey
Lair:4:   layout_small_grid, minmay_shoals_entry_centaurs, beast_lair_carwin_9,
          grunt_megastairs_2
Lair:5:   layout_cave_pods, portal_ice_cave_entry_pillars_1
Lair:6:   due_jungle_book, layout_small_grid, slime_altar_2
Orc:1:    orc_temple, layout_diamond_mine, nicolae_orc_flooded_monolith,
          uniq_josephine, uniq_erolcha
Orc:2:    grunt_orc_tribal_feast, layout_diamond_mine, basic_altar,
          chequers_guarded_unrand_ignorance, uniq_saint_roka

Skill      XL: |  1  2  3  4  5  6  7  8  9 10 11 12 13 14 15 |
---------------+----------------------------------------------+-----
Dodging        | 3 4 5 6 7 8 |  8.3
Fighting       | 1 2 3 4 |  4.7
Unarmed Combat | 3 4 5 6 9 10 12 14 16 17 18 | 18.0
Stealth        | 2 3 4 |  4.5
Fire Magic     | 2 3 |  3.4
Invocations    | 3 4 5 |  5.1
Evocations     | 1 |  1.8
Shields        | 3 4 5 |  5.3
Spellcasting   | 2 3 |  3.0
Crossbows      | 1 |  1.4
Slings         | 1 3 |  3.0
Translocations | |  0.1

Action                   |  1- 3 |  4- 6 |  7- 9 | 10-12 | 13-15 || total
-------------------------+-------+-------+-------+-------+-------++-------
Melee: Unarmed           |    66 |   144 |   365 |   544 |   642 ||  1761
 Fire: Arbalest          |       |       |       |       |    26 ||    26
       Fustibalus        |       |       |       |       |    57 ||    57
Throw: Bone              |       |       |       |     5 |     4 ||     9
       Rusty metal       |       |       |       |     5 |       ||     5
       Gnarled root      |       |       |       |     3 |     2 ||     5
       Skull             |       |       |       |     1 |     2 ||     3
 Cast: Conjure Flame     |       |       |     1 |       |       ||     1
       Foxfire           |       |       |       |       |    94 ||    94
Invok: Heroism           |       |       |       |    24 |    26 ||    50
       Finesse           |       |       |       |       |     1 ||     1
 Abil: Evoke Blink       |       |       |       |     2 |     1 ||     3
Evoke: Wand              |       |       |       |     9 |    19 ||    28
  Use: Scroll            |       |     1 |     2 |     3 |    11 ||    17
       Potion            |       |       |       |     1 |     6 ||     7
 Stab: Sleeping          |       |       |     3 |     8 |    14 ||    25
  Eat: Chunk             |       |    10 |    34 |    43 |    78 ||   165
Armor: Robe              |    16 |    32 |   132 |   146 |   336 ||   662
Dodge: Dodged            |    32 |    50 |   171 |   283 |   178 ||   714
Block: Heater shield     |       |       |       |       |   374 ||   374
